 Dungeon Crawl Stone Soup version 0.24-a0-516-g9de272bb65 (webtiles) character file.

Game seed: 9144350513519625773

1793 Azzok the Thaumaturge (level 8, -1/41 HPs)
             Began as a Deep Elf Earth Elementalist on July 21, 2019.
             Was a Follower of Vehumet.
             Killed from afar by Harold (8 damage)
             ... with an iceblast
             ... on level 7 of the Dungeon.
             The game lasted 00:09:33 (7761 turns).

Azzok the Thaumaturge (Deep Elf Earth Elementalist) Turns: 7761, Time: 00:09:33

Health: -1/41      AC:  4    Str:  5    XL:     8   Next: 82%
Magic:  13/23      EV: 15    Int: 23    God:    Vehumet [*.....]
Gold:   339        SH:  0    Dex: 15    Spells: 17/26 levels left

rFire    . . .     SeeInvis .   f - +2 short sword (elec)
rCold    . . .     Gourm    +   (no shield)
rNeg     . . .     Faith    .   u - +2 robe {MR+}
rPois    .         Spirit   .   (no helmet)
rElec    .         Reflect  .   (no cloak)
rCorr    .         Harm     .   (no gloves)
MR       +....                  (no boots)
Stlth    ++........             a - amulet of the gourmand
HPRegen  0.13/turn              (no ring)
MPRegen  0.18/turn              (no ring)

@: very slightly contaminated
A: no striking features
a: Renounce Religion


You were on level 7 of the Dungeon.
You worshipped Vehumet.
Vehumet was aware of your devotion.
You were completely stuffed.

You visited 2 branches of the dungeon, and saw 8 of its levels.

You collected 339 gold pieces.

Inventory:

Hand Weapons
 f - a +2 short sword of electrocution (weapon)
Missiles
 b - 121 stones (quivered)
Armour
 u - a +2 robe of magic resistance (worn)
Jewellery
 a - an amulet of the gourmand (around neck)
Scrolls
 c - a scroll of fear {unknown}
 g - 3 scrolls of magic mapping {unknown}
 i - 5 scrolls of remove curse {unknown}
 j - 2 scrolls of enchant weapon {unknown}
 n - 2 scrolls of immolation {unknown}
 p - 4 scrolls of teleportation
 r - 2 scrolls of enchant armour
 s - a scroll of fog
Potions
 e - a potion of mutation {!q}
 k - a potion of flight {unknown}
 l - 4 potions of heal wounds
 m - 5 potions of haste
 o - 2 potions of resistance
 q - a potion of agility {unknown}
 t - 6 potions of curing
Comestibles
 d - 10 rations


   Skills:
 - Level 5.0 Dodging
 - Level 2.4 Stealth
 + Level 9.7 Spellcasting
 - Level 4.0 Conjurations
   Level 1.1 Transmutations
 + Level 8.5 Earth Magic


You had 17 spell levels left.
You knew the following spells:

 Your Spells              Type           Power        Failure   Level  Hunger
a - Sandblast             Erth           ######       1%          1    None
b - Stone Arrow           Conj/Erth      #####.       1%          3    None
d - Lee's Rapid Deconstr  Erth           ######....   4%          5    ####...

Your spell library contained the following spells:

 Spells                   Type           Power        Failure   Level  Hunger
 Magic Dart               Conj           ####         1%          1    None
 Passwall                 Tmut/Erth      ####....     1%          2    None
 Flame Tongue             Conj/Fire      ###..        2%          1    None
 Throw Flame              Conj/Fire      ###...       3%          2    None
 Confusing Touch          Hex            ##....       6%          1    None
 Conjure Flame            Conj/Fire      ###.....     8%          3    None
 Petrify                  Tmut/Erth      ####....     9%          4    ##.....
 Confuse                  Hex            ##......     17%         3    None
 Gell's Gravitas          Tloc           ##........   17%         3    None
 Inner Flame              Hex/Fire       ##......     17%         3    None
 Sticky Flame             Conj/Fire      ###.....     26%         4    ##.....
 Fireball                 Conj/Fire      ###.......   56%         5    ####...
 Yara's Violent Unravell  Hex/Tmut       ##........   78%         5    ####...
 Metabolic Englaciation   Hex/Ice        ##........   85%         5    ####...


Dungeon Overview and Level Annotations

Branches:
Dungeon (7/15)             Temple (1/1) D:5

Altars:
Ashenzari
Dithmenos
Elyvilon
Gozag
Makhleb
Nemelex Xobeh
Ru
Sif Muna
Vehumet
Wu Jian
Xom
The Shining One

Shops:
D:6 *

Annotations:
D:7 Harold


Message History

Nothing appears to happen.
Harold shouts!
Harold throws a throwing net.
The throwing net hits you.
You become entangled in the net!
Casting: Lee's Rapid Deconstruction (safe; 4% risk of failure)
Confirm with . or Enter, or press ? or * to list all spells.
Aiming: Lee's Rapid Deconstruction (safe; 4% risk of failure)
Press: ? - help, Dir - move target cursor A rock wall.
The wall shatters!
The blast of rock fragments hits Harold!
Harold is lightly wounded.
You struggle against the net.
Harold casts a spell at you. The harpoon shot hits you!
You are yanked forward by the harpoon shot.
Harold hits you from afar with a +0 trident!!
* * * LOW HITPOINT WARNING * * *
Harold zaps a wand.
The mass of ice explodes!
The iceblast engulfs you!
You die...

·······▒······· ▒▒▒
···▒▒··▒········ ··· ····
▒·▒········· ··
▒··▒▒▒·▒·········
▒·▒▒▒$·▒···▒·········
▒··▒·<···▒·▒·········
▒▒▒▒▒▒·▒····▒▒···········
▒···········▒▒▒·▒········
▒·······@···▒▒▒·▒▒·······
▒·········(·▒▒········▒▒▒
▒····@·········▒·······(·
▒···········▒▒▒▒▒▒▒▒▒▒▒▒▒
▒▒▒▒▒▒······▒ ▒······▒
▒······▒ ▒▒▒▒▒▒▒▒


You could see Harold.

Vanquished Creatures
  Sigmund (D:2)
  Eustachio (D:5)
  Menkaure (D:5)
  An orc warrior (D:6)
  3 sky beasts
  An ice beast (D:6)
  A centaur (D:5)
  A scorpion (D:4)
  2 howler monkeys (D:4)
  2 orc priests (D:6)
  3 hounds (D:4)
  3 orc wizards
  Jessica (D:3)
  An iguana (D:5)
  5 worker ants
  A hound skeleton (D:4)
  A worker ant zombie (D:5)
  4 gnolls
  14 adders
  An ooze (D:4)
  An adder zombie (D:6)
  2 worms
  A dart slug (D:1)
  6 leopard geckos
  13 orcs
  6 giant cockroaches
  8 goblins
  5 hobgoblins
  9 jackals
  8 kobolds
  2 quokkas
  7 bats
  5 frilled lizards
  A leopard gecko skeleton (D:5)
  2 rats
124 creatures vanquished.

Notes
Turn   | Place    | Note
-------+----------+-------------------------------------------
     0 | D:1      | Azzok the Deep Elf Earth Elementalist began the quest for
                  | the Orb.
     0 | D:1      | Reached XP level 1. HP: 10/10 MP: 6/6
   232 | D:1      | Reached XP level 2. HP: 15/15 MP: 5/8
   546 | D:1      | Reached skill level 4 in Spellcasting
   662 | D:1      | Reached XP level 3. HP: 19/19 MP: 8/10
   688 | D:1      | Learned a level 3 spell: Stone Arrow
  1468 | D:2      | Reached skill level 1 in Conjurations
  1592 | D:2      | Reached XP level 4. HP: 24/24 MP: 10/12
  2462 | D:2      | Noticed Sigmund
  2466 | D:2      | Killed Sigmund
  2466 | D:2      | Reached skill level 5 in Spellcasting
  2466 | D:2      | Reached skill level 5 in Earth Magic
  2466 | D:2      | Reached XP level 5. HP: 28/28 MP: 4/15
  2466 | D:2      | Reached XP level 6. HP: 32/32 MP: 4/16
  3260 | D:3      | You fall into a shaft and drop 2 floors!
  3260 | D:5      | Entered Level 5 of the Dungeon
  3261 | D:5      | Noticed a sky beast
  3283 | D:4      | Reached skill level 6 in Spellcasting
  3449 | D:4      | Reached XP level 7. HP: 17/36 MP: 15/18
  3711 | D:4      | Reached skill level 7 in Spellcasting
  3911 | D:4      | Found a shimmering altar of Xom.
  4034 | D:3      | Found a burning altar of Makhleb.
  4034 | D:3      | Noticed a blizzard demon
  4038 | D:3      | Noticed Jessica
  4039 | D:3      | Killed Jessica
  4262 | D:3      | Found an ornate altar of the Wu Jian Council.
  4566 | D:3      | Found a shattered altar of Ashenzari.
  4815 | D:3      | Found a shadowy altar of Dithmenos.
  5244 | D:4      | Found a glowing golden altar of the Shining One.
  5454 | D:5      | Found a staircase to the Ecumenical Temple.
  5464 | Temple   | Entered the Ecumenical Temple
  5471 | Temple   | Learned a level 5 spell: Lee's Rapid Deconstruction
  5482 | Temple   | Became a worshipper of Vehumet
  5537 | D:5      | Noticed Menkaure
  5542 | D:5      | Killed Menkaure
  5542 | D:5      | Reached skill level 8 in Spellcasting
  5691 | D:5      | Reached XP level 8. HP: 36/41 MP: 11/22
  5958 | D:5      | Noticed Eustachio
  5963 | D:5      | Killed Eustachio
  6157 | D:5      | Reached skill level 9 in Spellcasting
  6422 | D:5      | Found a sacrificial altar of Ru.
  6595 | D:6      | Found a shattered altar of Ashenzari.
  7102 | D:6      | Found Oclej's Mass Market.
  7317 | D:6      | Found a sparkling altar of Nemelex Xobeh.
  7506 | D:7      | Reached skill level 5 in Dodging
  7655 | D:7      | Reached * piety under Vehumet
  7655 | D:7      | Offered knowledge of Magic Dart by Vehumet.
  7755 | D:7      | Noticed Harold
  7761 | D:7      | Killed from afar by Harold

Levels and vault maps discovered:
D:1:      dpeg_arrival_simpleton_c, layout_basic
D:2:      layout_basic, serial_curves, eino_curves_03, eino_curves_02,
          first_ration, hangedman_decor_opposing, uniq_sigmund
D:3:      layout_loops_ring, ashenzari_conservatory_becter,
          nicolae_overflow_hidden_temple, nicolae_overflow_crystal_walls,
          minmay_misc_feat_rows, makhleb_altar_promises_db, uniq_jessica
D:4:      cheibrodos_helix_gallery, layout_rooms, lemuel_crystal_altar,
          nicolae_tso_swordbearing_angel, minivault_14
D:5:      layout_basic, nicolae_ru_sacrificial_ziggurat,
          minmay_temple_entry_waves, uniq_eustachio, uniq_menkaure
D:6:      layout_loops_ring, kennysheep_flooded_box, minmay_shop_mass,
          ashenzari_altar_1
D:7:      layout_rooms, serial_shops, shop, grunt_livestock, uniq_harold
Temple:   compressed_dpeg_triangle_lava_temple

Skill      XL: |  1  2  3  4  5  6  7  8 |
---------------+-------------------------+-----
Spellcasting   | 4 5 6 8 9 |  9.7
Earth Magic    | 4 5 7 8 |  8.5
Conjurations   | 1 3 4 |  4.0
Dodging        | 5 |  5.0
Stealth        | |  2.4
Transmutations | |  1.1

Action                   |  1- 3 |  4- 6 |  7- 9 || total
-------------------------+-------+-------+-------++-------
Melee: Dagger            |     1 |       |       ||     1
 Cast: Sandblast         |    36 |    21 |    24 ||    81
       Stone Arrow       |    11 |    22 |    67 ||   100
       Lee's Rapid Decon |       |       |    18 ||    18
  Use: Scroll            |       |       |    12 ||    12
 Stab: Sleeping          |     1 |       |       ||     1
  Eat: Chunk             |     3 |     6 |    29 ||    38
Armor: Robe              |     1 |     3 |     3 ||     7
Dodge: Dodged            |     7 |    15 |     8 ||    30

Table legend:
 A = Non-vault XP
 B = Vault XP
 C = Vault XP percentage of total XP
 D = Non-vault monster count
 E = Vault monster count
 F = Vault count percentage of total count
                 A         B        C        D         E       F
            +---------+---------+-------+---------+---------+-------
      Total |    1924 |     638 |  24.9 |     120 |       4 |   3.2
            +---------+---------+-------+---------+---------+-------
        D:1 |      58 |       0 |   0.0 |      28 |       0 |   0.0
        D:2 |     122 |     227 |  65.0 |      21 |       1 |   4.5
        D:3 |      58 |      37 |  38.9 |      15 |       1 |   6.2
        D:4 |     657 |       0 |   0.0 |      23 |       0 |   0.0
        D:5 |     438 |     374 |  46.1 |      15 |       2 |  11.8
        D:6 |     413 |       0 |   0.0 |      11 |       0 |   0.0
        D:7 |     178 |       0 |   0.0 |       7 |       0 |   0.0
            +---------+---------+-------+---------+---------+-------
